[Event "14e Open International de Quenza"]
[Site "Quenza, France"]
[Date "2025.07.06"]
[Round "1.1"]
[White "Dardha, Daniel"]
[Black "Vachet, Laurent"]
[Result "1-0"]
[TimeControl "5min+3s"]
[WhiteElo "2627"]
[BlackElo "1791"]

1. e4 c5 2. Nf3 d6 3.
d4 cxd4 4. Nxd4 Nf6 5. Nc3 a6 6. Bd3 e5 7. Nde2 Be6 8. O-O Be7 9. Ng3 O-O 10. Nd5 Bxd5 11. exd5 Nbd7 12.
c4 Nc5 13. Bc2 b5 14. b4 Ncd7 15.
c5 Ne8 16. c6 Nb6 17. f4 Nc7 18. Be4 Bf6 19. Nh5 Re8 20. f5 a5 21. Qg4 Ncxd5 22. Bh6 Kf8 23. Bxg7+ Bxg7 24. Qxg7+ Ke7 25.
f6+ Ke6 26. Bf5# 1-0

[Event "14e Open International de Quenza"]
[Site "Quenza, France"]
[Date "2025.07.06"]
[Round "1.2"]
[White "Bastiani, Camille"]
[Black "Bellahcene, Bilel"]
[Result "0-1"]
[TimeControl "5min+3s"]
[WhiteElo "1538"]
[BlackElo "2513"]

1. d4 Nf6 2. Bf4 b6 3. Nf3 Bb7 4.
e3 d6 5.
Bd3 Nbd7 6. Nbd2 g6 7. c4 Bg7 8. O-O O-O 9. Re1 Re8 10. e4 e5 11. dxe5 dxe5 12. Bg3 Nh5 13. Bh4 Bf6 14.
Bxf6 Qxf6 15. Nb3 Rad8 16. Qc2 Nf4 17.
Kh1 a5 18. Rad1 a4 19. Nc1 Nc5 20. a3 Rd6 21. Bf1 Bxe4 22. Rxe4 Rxd1 0-1

[Event "14e Open International de Quenza"]
[Site "Quenza, France"]
[Date "2025.07.06"]
[Round "1.3"]
[White "Lagarde, Maxime"]
[Black "Bernardi, Nicolas"]
[Result "1-0"]
[TimeControl "5min+3s"]
[WhiteElo "2618"]
[BlackElo "1932"]

1. e4 e5 2. Nf3 Nc6 3. Bc4 Nf6 4. d3 Bc5 5. c3 d6 6. a4 a5 7. Bg5 h6 8. Bh4 Bg4 9.
h3 Be6 10. Nbd2 Qe7 11. Bb5 O-O 12. O-O Rad8 13. Re1 Kh7 14. Qc2 g5 15. Bg3 Nh5 16. Kh2 f5 17. d4 f4 18. dxc5 fxg3+ 19. fxg3 Kg7 20. g4 Nf6 21.
Nf1 d5 22. exd5 Rxd5 23. Bxc6 bxc6 24. Nxe5 Qxc5 25. Qg6+ Kh8 26. Qxh6+ Kg8 27. Qxg5+ Kh7 28. Ng3 Qf2 29. Qg6+ Kh8 30. Rf1 1-0

[Event "14e Open International de Quenza"]
[Site "Quenza, France"]
[Date "2025.07.06"]
[Round "1.4"]
[White "Grimaldi Peetz, Anton"]
[Black "Fressinet, Laurent"]
[Result "0-1"]
[TimeControl "5min+3s"]
[WhiteElo "1727"]
[BlackElo "2605"]

1. e4 e5 2. Nf3 Nc6 3. Bc4 Nf6 4. d3 Bc5 5. c3 d6 6. O-O a6 7. Nbd2 Ba7 8. h3 h6 9. Re1 g5 10.
d4 g4 11. hxg4 Nxg4 12. Nf1 Qf6 13. Ne3 Nxe3 14. Bxe3 Bg4 15. Be2 Bxf3 16. Bxf3 exd4 17. cxd4 Nxd4 18. Bxd4 Qxd4 19. Qc2 O-O-O 20. Rad1 Qc5 21. Qd3 Qxf2+ 0-1

[Event "14e Open International de Quenza"]
[Site "Quenza, France"]
[Date "2025.07.06"]
[Round "1.5"]
[White "Hou, Yifan"]
[Black "Geronimi, Didier"]
[Result "1-0"]
[TimeControl "5min+3s"]
[WhiteElo "2633"]
[BlackElo "1677"]

1. Nf3 d6 2. d4 Nf6 3. c4 g6 4. Nc3 Bg7 5. e4 O-O 6.
h3 c6 7. Be3 Nbd7 8. Qc2 Re8 9.
Be2 e5 10. d5 cxd5 11. cxd5 a6 12. a4 Nh5 13. g3 Nf8 14. Nd2 Nf6 15. Nc4 N8d7 16. Nxd6 Re7 17. O-O Nb6 18. Nxc8 Rxc8 19. Qb3 Re8 20. Bxb6 1-0

[Event "14e Open International de Quenza"]
[Site "Quenza, France"]
[Date "2025.07.06"]
[Round "1.7"]
[White "Terrieux, Kevin"]
[Black "Gianni, Paul"]
[Result "1-0"]
[TimeControl "5min+3s"]
[WhiteElo "2394"]
[BlackElo "1434"]

1. e4 e5 2. Nf3 Nc6 3. Bc4 Bc5 4. c3 Nf6 5. d4 exd4 6. cxd4 Bb4+ 7. Nbd2 Nxe4 8. d5 Bxd2+ 9. Bxd2 Nxd2 10.
Qxd2 Ne7 11. d6 Nc6 12. Qe3+ Kf8 13. Ng5 Nd4 14. O-O-O Nf5 15. Qf4 Nxd6 16. Rxd6 Qe7 17. Rdd1 f6 18.
Nf7 Rg8 19. Rhe1 Qc5 20. Rd5 Qc6 21. Qe4 d6 22. Qe7# 1-0

[Event "14e Open International de Quenza"]
[Site "Quenza, France"]
[Date "2025.07.06"]
[Round "1.8"]
[White "Venel, Alexandre"]
[Black "Sumets, Andrey"]
[Result "0-1"]
[TimeControl "5min+3s"]
[WhiteElo "1678"]
[BlackElo "2497"]

1. d4 Nf6 2. c4 e6 3.
Nc3 Bb4 4. Qc2 O-O 5. Bg5 c5 6. d5 exd5 7. cxd5 d6 8. e4 Re8 9. f3 h6 10. Bxf6 Qxf6 11. Bb5 Nd7 12. Nge2 a6 13.
Bxd7 Bxd7 14. O-O b5 15. a3 Ba5 16. Rab1 h5 17. b4 Bb6 18. Kh1 h4 19. h3 Rac8 20. Qb2 Qh6 21. Qc1 Qf6 22.
Qf4 Qxf4 23. Nxf4 cxb4 24. Na2 bxa3 25. Nb4 a5 26. Nc6 b4 27. Rfc1 Bxc6 28. Rxc6 Rxc6 29. dxc6 a2 30. Ra1 b3 0-1

[Event "14e Open International de Quenza"]
[Site "Quenza, France"]
[Date "2025.07.06"]
[Round "1.9"]
[White "Toktomushev, Teimur"]
[Black "De Brito, Carlos"]
[Result "1-0"]
[TimeControl "5min+3s"]
[WhiteElo "2401"]
[BlackElo "1399"]

1. d4 e5 2. dxe5 Nc6 3. Nf3 Qe7 4. g3 b6 5. Bg2 Bb7 6. O-O h6 7. Nc3 Nb4 8. a3 Nc6 9. Nd5 Qd8 10.
Bf4 g5 11. Be3 Nge7 12. Nf6# 1-0

[Event "14e Open International de Quenza"]
[Site "Quenza, France"]
[Date "2025.07.06"]
[Round "1.10"]
[White "De Surrel, Henri"]
[Black "Skripchenko, Almira"]
[Result "0-1"]
[TimeControl "5min+3s"]
[WhiteElo "1399"]
[BlackElo "2359"]

1. d4 d5 2. Nf3 c5 3. c3 Nc6 4. Bf4 e6 5. Nbd2 Bd6 6. Bg3 Nge7 7. e3 O-O 8. c4 cxd4 9. exd4 dxc4 10.
Bxc4 Bxg3 11. fxg3 Nxd4 12. Nxd4 Qxd4 13. Qc2 Qe3+ 14. Be2 Nc6 15. Qd3 Qc5 16. Ne4 Qb4+ 17. Nd2 Qxb2 18. O-O Rd8 19.
Rfb1 Qxd2 20. Qxd2 Rxd2 21. Bf3 e5 22. Rd1 Rxd1+ 23. Rxd1 Be6 24. Rd2 Rc8 25. h3 f6 26. a3 Kf7 27. Kf2 Rc7 28. g4 Nd4 29. Kg3 Rc3 30.
Rf2 Rxa3 31. Kh2 Nxf3+ 32. Rxf3 Rxf3 33. gxf3 a5 0-1

[Event "14e Open International de Quenza"]
[Site "Quenza, France"]
[Date "2025.07.06"]
[Round "1.11"]
[White "Ratier-Fontana, Matteo"]
[Black "Di Pinto, Vincenzo"]
[Result "1-0"]
[TimeControl "5min+3s"]
[WhiteElo "2275"]
[BlackElo "1571"]

1. Nf3 Nf6 2. d4 d5 3. Bf4 e6 4. e3 Bd6 5. Bg3 c5 6.
Nbd2 b6 7. Bb5+ Ke7 8. c3 a6 9. Bd3 Bb7 10. Ne5 Nfd7 11. Qg4 Qf8 12. Ndf3 f6 13. Nxd7 Nxd7 14. Bxd6+ Kxd6 15. Qg3+ Ke7 16. O-O c4 17. Bc2 Kf7 18.
Rfe1 b5 19. e4 Rc8 20. e5 Ke8 21. exf6 Qxf6 22. Qg4 Kf7 23. Ng5+ Kg8 24. Rxe6 Qf8 25. Rae1 Nf6 26. Qf5 h6 27.
Nf3 Re8 28. Rxe8 Nxe8 29. Qe6+ 1-0

[Event "14e Open International de Quenza"]
[Site "Quenza, France"]
[Date "2025.07.06"]
[Round "1.12"]
[White "Moretti, Thomas"]
[Black "Mullon, Jean-Baptiste"]
[Result "0-1"]
[TimeControl "5min+3s"]
[WhiteElo "1658"]
[BlackElo "2277"]

1. e4 c5 2. Nf3 e6 3. d4 cxd4 4.
Nxd4 Nf6 5. Nc3 Nc6 6. Nxc6 bxc6 7. e5 Nd5 8. Nxd5 cxd5 9. Bd3 Qc7 10. Bf4 Rb8 11. b3 Qc3+ 12. Bd2 Qxe5+ 13. Be2 Bd6 14. g3 Bb4 15. O-O Bxd2 16. Qxd2 O-O 17. Bd3 f5 18. f4 Qd4+ 19. Kh1 Bb7 20. Qf2 Qxf2 21. Rxf2 Kf7 22.
Kg1 Kf6 23. Rd1 Rbc8 24. c4 Rc7 25. h3 Rfc8 26. g4 g6 27. g5+ Kf7 28. h4 dxc4 29. Bxc4 d5 30. Bd3 Rc1 31. Rxc1 Rxc1+ 32. Kg2 d4+ 33. Kh2 Be4 34.
Rd2 Re1 35. b4 Ke7 36. Kg3 Re3+ 37. Kf2 Rxd3 38. Rxd3 Bxd3 39. Ke1 Bc4 40. a4 e5 41. fxe5 Ke6 42. Kd2 Kxe5 43. b5 Kd5 44. Kd1 Ke5 45. Ke1 0-1

[Event "14e Open International de Quenza"]
[Site "Quenza, France"]
[Date "????.??.??"]
[Round "2.1"]
[White "Have, Didier"]
[Black "Dardha, Daniel"]
[Result "0-1"]
[TimeControl "5min+3s"]
[WhiteElo "1903"]
[BlackElo "2627"]

1. e4 c5 2. d4 cxd4 3. c3 Nf6 4. e5 Nd5 5. Qxd4 e6 6. Nf3 d6 7. Bb5+ Nc6 8.
exd6 Qxd6 9. O-O Bd7 10. c4 Nxd4 0-1

[Event "14e Open International de Quenza"]
[Site "Quenza, France"]
[Date "????.??.??"]
[Round "2.2"]
[White "Bellahcene, Bilel"]
[Black "Stubbe, Damien"]
[Result "1-0"]
[TimeControl "5min+3s"]
[WhiteElo "2513"]
[BlackElo "1962"]

1. e4 e6 2. d4 d5 3. e5 c5 4. c3 Nc6 5. g3 Qb6 6.
Ne2 Nge7 7. Bh3 Ng6 8. O-O Be7 9. a4 h5 10. Kh1 Bd7 11. f4 cxd4 12. cxd4 f5 13. Nbc3 O-O 14. Be3 Na5 15.
Rb1 Nc4 16. Bc1 h4 17. g4 fxg4 18. Bxg4 Bb4 19. Nxd5 exd5 20. Bxd7 Ne7 21. f5 Qc7 22. Be6+ Kh8 23. Nf4 Nxe5 24.
Qh5# 1-0

[Event "14e Open International de Quenza"]
[Site "Quenza, France"]
[Date "????.??.??"]
[Round "2.3"]
[White "Cardi, Jean"]
[Black "Lagarde, Maxime"]
[Result "0-1"]
[TimeControl "5min+3s"]
[WhiteElo "1976"]
[BlackElo "2618"]

1. e4 c5 2. Nf3 e6 3. c3 d5 4. exd5 exd5 5. d4 Nf6 6. Bb5+ Bd7 7. Bxd7+ Nbxd7 8. O-O Be7 9. Nbd2 O-O 10. Re1 Re8 11.
dxc5 Nxc5 12. Nb3 Nce4 13. Nbd4 a6 14. Nf5 Bf8 15. N3d4 Qb6 16. Qb3 Qxb3 17. Nxb3 Nxc3 18. Rxe8 Rxe8 19.
Be3 Nb5 20. Rd1 g6 21. Nfd4 Nd6 22. h3 Nc4 23. Bc1 b6 24. Nd2 Ne4 25. Nxe4 dxe4 26. b3 Ne5 27. Be3 Rc8 28. Ne2 b5 29. Nf4 f5 30. Ne6 Nd3 31. f3 Be7 32.
fxe4 fxe4 33. Bg5 Kf7 34. Bxe7 Kxe6 35.
Bg5 Rc2 36. a4 b4 37. Rf1 Rb2 38.
Rf6+ Kd5 39. Rxa6 Rxb3 0-1

[Event "14e Open International de Quenza"]
[Site "Quenza, France"]
[Date "????.??.??"]
[Round "2.4"]
[White "Fressinet, Laurent"]
[Black "Paoli, Guillaume"]
[Result "1-0"]
[TimeControl "5min+3s"]
[WhiteElo "2605"]
[BlackElo "1828"]

1. d4 g6 2. e4 c6 3.
Nf3 d5 4. e5 Bg7 5. h3 h5 6.
c4 Bf5 7. Nc3 e6 8. cxd5 exd5 9. Bd3 Bxd3 10. Qxd3 Nh6 11. O-O Nf5 12. Bg5 Qc7 13. Rac1 Qb6 14. Rfe1 O-O 15. Qd2 Re8 16. g4 hxg4 17.
hxg4 Ne7 18. Bxe7 Rxe7 19. Nxd5 cxd5 20. Rc8+ Kh7 21. Ng5+ Kh6 22. Kg2 Bxe5 23. Ne6+ 1-0

[Event "14e Open International de Quenza"]
[Site "Quenza, France"]
[Date "????.??.??"]
[Round "2.5"]
[White "Deladerriere, Helio"]
[Black "Hou, Yifan"]
[Result "0-1"]
[TimeControl "5min+3s"]
[WhiteElo "1867"]
[BlackElo "2633"]

1. d4 d5 2. Nf3 Nf6 3. e3 e6 4. Bd3 b6 5. b3 Bb7 6. Bb2 Be7 7. O-O O-O 8. Nbd2 c5 9. Ne5 Nc6 10.
f4 Rc8 11. Ndf3 cxd4 12. exd4 Nb4 13. a3 Nxd3 14. Qxd3 Ne4 15. c4 Qc7 16. Rac1 dxc4 17. Rxc4 Qd6 18. Rfc1 Rxc4 19. Nxc4 Qxf4 20. Nce5 Bd6 21.
Rf1 Nf6 22. Bc1 Qe4 23. Qxe4 Bxe4 24. Ng5 Bd5 25. b4 h6 26. Ngf3 Rc8 27. Bd2 Ne4 28. Rc1 Rxc1+ 29. Bxc1 Nc3 30. Nd3 Bxf3 31. gxf3 Ne2+ 32.
Kg2 Nxd4 33. Bb2 Nc6 34. f4 f6 35. Kf3 Kf7 36. b5 Na5 37. a4 g5 38. fxg5 hxg5 39. h3 Nc4 40. Bc3 f5 41. Bb4 Bxb4 42. Nxb4 Ne5+ 43. Kg3 Ke7 44. h4 f4+ 45. Kh3 gxh4 46.
Kxh4 Kd6 0-1

[Event "14e Open International de Quenza"]
[Site "Quenza, France"]
[Date "????.??.??"]
[Round "2.6"]
[White "Maurizzi, Marc Andria"]
[Black "Depau, Alessandro"]
[Result "0-1"]
[TimeControl "5min+3s"]
[WhiteElo "2604"]
[BlackElo "1940"]

1. e4 e5 2. Nf3 Nc6 3. Bb5 a6 4. Ba4 f5 5. Nc3 Nf6 6. Qe2 d6 7.
d4 b5 8.
Bb3 exd4 9. exf5+ Qe7 10. Nd5 Qxe2+ 11. Kxe2 Kd7 12. Nf4 Bb7 13. Be6+ Kd8 14. Rd1 Be7 15. Nxd4 Nxd4+ 16. Rxd4 Ne4 17. Bd5 Nc5 18.
Bxb7 Nxb7 19. a4 Kd7 20. Ne6 Bf6 21. Rd1 Rhe8 22. Kf3 b4 23. g4 h6 24. Bd2 a5 25. c3 Nc5 26. Nxc5+ dxc5 27. cxb4 Kc6 28.
b5+ Kb6 29. Bc3 Rad8 30. Rxd8 Rxd8 31. Re1 Bxc3 32. bxc3 Rd3+ 33. Re3 c4 34. Rxd3 cxd3 35. Ke3 0-1

[Event "14e Open International de Quenza"]
[Site "Quenza, France"]
[Date "????.??.??"]
[Round "2.7"]
[White "Sabiani, Chjara"]
[Black "Terrieux, Kevin"]
[Result "0-1"]
[TimeControl "5min+3s"]
[WhiteElo "1843"]
[BlackElo "2394"]

1. d4 d5 2. c4 dxc4 3. Nf3 Nf6 4.
e3 Bg4 5. Bxc4 e6 6. O-O Nc6 7. Nc3 Bd6 8.
h3 Bh5 9. Re1 O-O 10. Be2 Qe8 11. Nd2 Bxe2 12. Qxe2 a6 13. Nde4 Nxe4 14. Nxe4 f5 15. Nxd6 cxd6 16. Bd2 d5 17.
Rac1 Qd7 18. Bc3 Rae8 19. Qd2 Qd6 20. Rcd1 Rf7 21. f3 h6 22. e4 fxe4 23. fxe4 Ref8 24. e5 Qe7 25. Rf1 Qh4 26.
Rxf7 Rxf7 27. Rf1 Rxf1+ 28. Kxf1 Qe4 29. Qe1 Qd3+ 30. Qe2 Qb1+ 31. Kf2 Qf5+ 32. Qf3 Qg6 33. a3 b6 34. Qe2 b5 35.
Qf3 Kh7 36. Qe2 Ne7 37. a4 bxa4 38. Qxa6 Nf5 39. Qd3 h5 40. Kg1 h4 41. Qc2 Qg5 42. Qf2 Ng3 43. Bd2 Qg6 44. Bc3 Qb1+ 45. Qe1 Qd3 46. Qf2 a3 47. Qe1 a2 48.
b4 Ne2+ 49. Kh1 Nxc3 50. Qxh4+ Kg8 51. Qd8+ Kf7 52. Qd7+ Kg6 53. Qxe6+ Kh7 0-1

[Event "14e Open International de Quenza"]
[Site "Quenza, France"]
[Date "????.??.??"]
[Round "2.8"]
[White "Sumets, Andrey"]
[Black "Deladerriere, Calypso"]
[Result "1-0"]
[TimeControl "5min+3s"]
[WhiteElo "2497"]
[BlackElo "2060"]

1. d4 Nf6 2. c4 e6 3. Nf3 d5 4. g3 Be7 5. Bg2 c6 6. O-O O-O 7. Qc2 Nbd7 8.
Nbd2 c5 9. dxc5 Nxc5 10. b3 Bd7 11. Bb2 Rc8 12. Rad1 Qc7 13. Ng5 e5 14. cxd5 h6 15. Ngf3 Nxd5 16. Bxe5 Qa5 17. Nc4 Nb4 18.
Qc3 Qa6 19. Qxb4 1-0

[Event "14e Open International de Quenza"]
[Site "Quenza, France"]
[Date "????.??.??"]
[Round "2.9"]
[White "Castagnerol, Cerise"]
[Black "Toktomushev, Teimur"]
[Result "0-1"]
[TimeControl "5min+3s"]
[WhiteElo "1866"]
[BlackElo "2401"]

1. d4 d5 2. c4 e6 3. Nf3 Nf6 4. g3 Be7 5. Bg2 O-O 6. O-O c6 7. Nbd2 b6 8. Qc2 c5 9. e3 Nc6 10.
a3 Bb7 11. Nb3 Ba6 12. Nfd2 cxd4 13. exd4 Rc8 14. Nf3 dxc4 15. Nbd2 c3 16. bxc3 Bxf1 17. Nxf1 Nxd4 18. Qb2 Nxf3+ 19. Bxf3 Qd3 20. Be3 Qxc3 21. Qxc3 Rxc3 22. a4 Bc5 23. Bxc5 Rxc5 24. Ne3 g6 25. Kf1 Rfc8 26. Ke2 Nd7 27.
Be4 Ne5 28. f4 Nc4 29. Ng4 Kg7 30. Bd3 Nb2 31. Be4 f5 0-1

[Event "14e Open International de Quenza"]
[Site "Quenza, France"]
[Date "????.??.??"]
[Round "2.10"]
[White "Skripchenko, Almira"]
[Black "Ardu, Luigi"]
[Result "0-1"]
[TimeControl "5min+3s"]
[WhiteElo "2359"]
[BlackElo "1823"]

1. e4 e5 2. Nf3 Nc6 3. Bb5 Nf6 4. d3 a6 5. Bxc6 dxc6 6. Nxe5 Bc5 7. Nf3 Bg4 8. Nbd2 Qe7 9. h3 Bh5 10.
Qe2 O-O-O 11. Nb3 Bb6 12. Be3 Bxe3 13. Qxe3 Qb4+ 14. c3 Qe7 15. O-O-O Kb8 16. g4 Bg6 17. Nfd4 h5 18. Rhg1 hxg4 19.
hxg4 c5 20. Nf5 Bxf5 21. gxf5 b6 22. Rxg7 Rh2 23. Qg3 Rdh8 24. Qe3 R8h3 25. Qe2 Qe5 26. Rxf7 Qf4+ 27. Rd2 Ng4 28. d4 Rxf2 29.
Qxa6 Rh1+ 30. Kc2 Ne3+ 31. Kd3 c4+ 32. Qxc4 Nxc4 33. Rxf2 Qxf2 34. Kxc4 Qe2+ 35. Kd5 Qb5+ 36.
Ke6 Rh6+ 37. f6 Qc4+ 38. Ke7 Qc6 39. d5 Qd6+ 40. Ke8 Rh8 0-1

[Event "14e Open International de Quenza"]
[Site "Quenza, France"]
[Date "????.??.??"]
[Round "2.11"]
[White "Chokbengboun, Thomas"]
[Black "Ratier-Fontana, Matteo"]
[Result "0-1"]
[TimeControl "5min+3s"]
[WhiteElo "1841"]
[BlackElo "2275"]

1. d4 Nf6 2. Nf3 b6 3. Bf4 Bb7 4.
Nbd2 g6 5. h3 Bg7 6. e3 O-O 7. Be2 d6 8. O-O Nbd7 9. Re1 c5 10. c3 Rc8 11. Rc1 Rc7 12. Bg3 Qa8 13. Bf1 Rfc8 14.
Qe2 Ne4 15. Nxe4 Bxe4 16. Nd2 Bb7 17. f3 a6 18. Rcd1 h6 19. Bf2 b5 20. h4 h5 21. g4 hxg4 22. fxg4 Nf6 23. Bh3 Re8 24.
Bg3 Ne4 25. Nxe4 Bxe4 26. Rf1 e5 27. Bg2 exd4 28. Bxd6 Rc6 29. Bf4 Rce6 30. cxd4 cxd4 31. exd4 Qd5 32. Qf2 Bxg2 33. Qxg2 Bxd4+ 34. Kh1 Qxg2+ 35. Kxg2 Re2+ 36. Kf3 Bxb2 37. h5 R2e6 38. hxg6 fxg6 39. Rd7 Rf8 40. Kg3 Be5 41. Bxe5 Rxf1 0-1

[Event "14e Open International de Quenza"]
[Site "Quenza, France"]
[Date "????.??.??"]
[Round "2.12"]
[White "Mullon, Jean-Baptiste"]
[Black "Cardenas Yebra, Antoni"]
[Result "1-0"]
[TimeControl "5min+3s"]
[WhiteElo "2277"]
[BlackElo "1866"]

1. e4 d6 2. d4 Nf6 3.
Nc3 c6 4. f4 g6 5. Nf3 Bg7 6. Bd3 O-O 7. O-O e5 8. dxe5 dxe5 9. Nxe5 Qb6+ 10. Kh1 Nbd7 11. Nc4 Qc5 12. Be3 Qh5 13.
Qxh5 Nxh5 14. e5 b5 15. Nd6 Nb6 16.
Be4 Rb8 17. Bxc6 Be6 18. Bxb5 Nd5 19. Nxd5 Bxd5 20. Bxa7 Ra8 21. Bc5 Rfb8 22. c4 Be6 23. a4 Bf8 24. b4 Bxd6 25. Bxd6 Rc8 26.
c5 1-0

[Event "14e Open International de Quenza"]
[Site "Quenza, France"]
[Date "????.??.??"]
[Round "3.1"]
[White "Dardha, Daniel"]
[Black "De Ieso, Lorenzo"]
[Result "1-0"]
[TimeControl "5min+3s"]
[WhiteElo "2627"]
[BlackElo "2080"]

1. Nf3 Nf6 2. c4 e6 3. Nc3 d5 4. e3 Be7 5. b3 b6 6. Bb2 Bb7 7. cxd5 exd5 8.
Ne2 O-O 9. g3 Re8 10. Bg2 Ne4 11.
O-O Bf6 12. Bxf6 Nxf6 13. Nf4 Nbd7 14. b4 Ne5 15. Nxe5 Rxe5 16. b5 a6 17. a4 Qd7 18. Qb3 Ne4 19. Qb2 Rd8 20. Qxe5 1-0

[Event "14e Open International de Quenza"]
[Site "Quenza, France"]
[Date "????.??.??"]
[Round "3.2"]
[White "Rogoz, Vladyslav"]
[Black "Bellahcene, Bilel"]
[Result "0-1"]
[TimeControl "5min+3s"]
[WhiteElo "2108"]
[BlackElo "2513"]

1. d4 Nf6 2. c4 e6 3.
Nf3 b6 4. g3 Bb7 5. Bg2 Bb4+ 6. Bd2 Be7 7. O-O c6 8. Nc3 d5 9. cxd5 cxd5 10. Rc1 O-O 11. Re1 Nc6 12. a3 a6 13.
b4 Rc8 14. Qb3 Ne8 15. Bf4 g5 16. Be3 Nd6 17. Ne5 Nb8 18. Na4 Rxc1 19. Rxc1 f6 20. Nd3 Kg7 21. f4 h6 22. f5 Nxf5 23. Bf2 Nd6 24. Bh3 Bc8 25. Qc2 Bd7 26.
Qc7 Bxa4 27. Bxe6 Nc4 28. Rxc4 dxc4 29. Qxc4 Bb5 30. Qb3 Bxd3 31. Qxd3 Qd6 32. Bb3 f5 33. d5 b5 34. Bc5 Qd7 35. d6 Bf6 36. Bd5 Nc6 37. e3 Ne5 38. Qb3 Re8 39. Qd1 g4 40.
e4 Nf3+ 41. Kg2 fxe4 42. Be3 Ng5 43. Bf4 Nh3 44. Be3 Qf5 45.
Bc6 Qf3+ 46. Qxf3 exf3+ 47. Kf1 Rxe3 48. d7 Rd3 0-1

[Event "14e Open International de Quenza"]
[Site "Quenza, France"]
[Date "????.??.??"]
[Round "3.3"]
[White "Lagarde, Maxime"]
[Black "Deladerriere, Apollo"]
[Result "1/2-1/2"]
[TimeControl "5min+3s"]
[WhiteElo "2618"]
[BlackElo "2131"]

1. e4 c6 2. Nf3 d5 3. d3 Nf6 4. e5 Nfd7 5. d4 e6 6. Bd3 c5 7. c3 b6 8.
Nbd2 Ba6 9. Nf1 Bxd3 10. Qxd3 Nc6 11. a3 a5 12. Ng3 cxd4 13. cxd4 a4 14. O-O Na5 15. Bd2 Nb3 16.
Rad1 Be7 17. Nh5 g6 18. Nf4 Rc8 19.
g3 Qc7 20. h4 Qc2 21. Qe3 Qxb2 22. Nd3 Qxa3 23. Ng5 Bxg5 24. Qxg5 Nxd4 25. Qe3 Nf5 26. Qe2 Nd4 27. Qe3 Nf5 28. Qe2 Nd4 29. Qe3 Nf5 30. Qe2 Nd4 1/2-1/2

[Event "14e Open International de Quenza"]
[Site "Quenza, France"]
[Date "????.??.??"]
[Round "3.4"]
[White "Thorsteinsdottir, Hallgerdur"]
[Black "Fressinet, Laurent"]
[Result "0-1"]
[TimeControl "5min+3s"]
[WhiteElo "2004"]
[BlackElo "2605"]

1. e4 e5 2. Nf3 Nc6 3. Bc4 Nf6 4. d3 Bc5 5. c3 d6 6. a4 a6 7. O-O Ba7 8. a5 Ne7 9. Nbd2 Ng6 10.
Re1 O-O 11. Nf1 c6 12. Bb3 d5 13. exd5 Nxd5 14. Ng3 Re8 15. h3 h6 16. Ra4 Be6 17. Rae4 Nf6 18. R4e2 Bxb3 19. Qxb3 Qc7 20.
Be3 Bxe3 21. Rxe3 Rad8 22. Ne4 Nd5 23. R3e2 Ndf4 24. Re3 Nxd3 25. Rd1 Ndf4 26. Rxd8 Rxd8 27. Nc5 Qe7 28. Nxb7 Rb8 29. Nd4 Qxb7 30.
Qc4 exd4 0-1

[Event "14e Open International de Quenza"]
[Site "Quenza, France"]
[Date "????.??.??"]
[Round "3.5"]
[White "Hou, Yifan"]
[Black "De Seroux, Camille"]
[Result "1-0"]
[TimeControl "5min+3s"]
[WhiteElo "2633"]
[BlackElo "2039"]

1. c4 Nc6 2. Nc3 Nf6 3. d4 e5 4. d5 Ne7 5. e4 Ng6 6. a3 a5 7. Be3 Be7 8. Bd3 d6 9. Nge2 O-O 10.
h3 Ne8 11. Qd2 Nh4 12. Kf1 f5 13. g3 Nf3 14. Qc2 Bg5 15. exf5 Bxe3 16. fxe3 Qg5 17. e4 Qe3 18. Kg2 Nf6 19. Rhf1 Nd2 20. Rf2 Nh5 21.
Rd1 Bxf5 22. exf5 e4 23. Qxd2 Qxd2 24. Rxd2 exd3 25. Rxd3 Rae8 1-0

[Event "14e Open International de Quenza"]
[Site "Quenza, France"]
[Date "????.??.??"]
[Round "3.6"]
[White "Stoenescu, Radu"]
[Black "Maurizzi, Marc Andria"]
[Result "0-1"]
[TimeControl "5min+3s"]
[WhiteElo "2009"]
[BlackElo "2604"]

1. e4 c6 2. d4 d5 3. e5 Bf5 4. Nf3 e6 5. Be2 Ne7 6. Be3 Ng6 7. c3 Nd7 8. b4 f6 9. exf6 Qxf6 10. Nbd2 Bd6 11. Nf1 e5 12. Ng3 e4 13. Nxf5 Qxf5 14.
Nd2 Nh4 15. Bf1 O-O 16. g3 Ng6 17. h4 Qf7 18. h5 Ne7 19. Qg4 Nf5 20. Rh2 Bxg3 21. fxg3 Nxe3 22. Qh3 Nc2+ 23. Kd1 Nxa1 24. Kc1 e3 0-1

[Event "14e Open International de Quenza"]
[Site "Quenza, France"]
[Date "????.??.??"]
[Round "3.7"]
[White "Terrieux, Kevin"]
[Black "Utrera, Ludovic"]
[Result "1-0"]
[TimeControl "5min+3s"]
[WhiteElo "2394"]
[BlackElo "2118"]

1. e4 c5 2. Nf3 d6 3. Bb5+ Nd7 4. O-O a6 5. Bxd7+ Bxd7 6.
c3 Nf6 7. Re1 e6 8. d4 cxd4 9. cxd4 Be7 10. Nc3 O-O 11. Bf4 Rc8 12. Qd2 b5 13. a3 Bc6 14. d5 Bd7 15. dxe6 Bxe6 16.
Nd4 Re8 17. Nxe6 fxe6 18. Rad1 e5 19. Bg5 Ng4 20. Bxe7 Qxe7 21. h3 Nf6 22. Qxd6 Qf7 23. Qxa6 Qg6 24. Nd5 Rc2 25. Nxf6+ gxf6 26. Rd3 Kh8 27. Rg3 Qh6 28.
Qxb5 Rd8 29. Qb3 Qd2 30. Rf1 Rxb2 31. Qf7 Qh6 32. Kh2 Rbd2 33. Rb1 R2d7 34. Qxd7 1-0

[Event "14e Open International de Quenza"]
[Site "Quenza, France"]
[Date "????.??.??"]
[Round "3.8"]
[White "Johannsdottir, Johanna Bjorg"]
[Black "Sumets, Andrey"]
[Result "0-1"]
[TimeControl "5min+3s"]
[WhiteElo "1997"]
[BlackElo "2497"]

1. e4 e6 2. d3 d5 3. Nd2 Nf6
4. Ngf3 Nc6 5. g3 Bc5 6. Bg2 dxe4 7.
dxe4 O-O 8. O-O e5 9. h3 a5 10. a4 b6 11. c3 Qe7 12. Nh4 Ba6 13. Re1 Rad8 14. Nf5 Qe6 15. g4 Ne7 16. Qf3 Rd3 17. Ne3 Bb7 18.
Bf1 Rdd8 19. Bc4 Qc8 20. Nf5 Nxf5 21. gxf5 Qa8 22. Kh2 Rxd2 23. Bxd2 Nxe4 24. Rxe4 Bxe4 25. Qg3 Bxf5 26. Rg1 g6 27.
Qh4 Qf3 28. Rg2 Be4 29. Bf1 Qf5 30. Rg5 Qxf2+ 31. Qxf2 Bxf2 32. Rxe5 Bf5 33. Bc4 Bc5 34. Re2 Kg7 35. Kg2 Rd8 36.
Bg5 f6 37. Bh4 Bd3 38. Bxd3 Rxd3 39. Bg3 Bd6 40. Bf2 g5 41. Bd4 Rg3+ 42. Kf2 Rxh3 43. Re6 Rh4 44. Bxf6+ Kf7 45. Bxg5 Rh2+ 0-1

[Event "14e Open International de Quenza"]
[Site "Quenza, France"]
[Date "????.??.??"]
[Round "3.9"]
[White "Toktomushev, Teimur"]
[Black "Guillemart, Serge"]
[Result "1-0"]
[TimeControl "5min+3s"]
[WhiteElo "2401"]
[BlackElo "2135"]

1. d4 d5 2. c4 Nc6 3. Nf3 Bg4 4. cxd5 Bxf3 5. gxf3 Qxd5 6.
e3 e5 7.
Nc3 Bb4 8. Bd2 Bxc3 9. bxc3 exd4 10. cxd4 Nf6 11. Be2 O-O 12. Qb3 Qxb3 13. axb3 Rfe8 14. Kf1 a6 15. f4 Rad8 16. Bf3 Ne4 17.
Be1 f5 18. Be2 Nd6 19. Rc1 Rb8 20. Bd3 g6 21. Kg2 Re7 22. Kf3 Kf7 23. Bd2 Ne4 24. Rc2 Nxd2+ 25. Rxd2 Nb4 26. Be2 c6 27.
Rc1 Nd5 28. Rc5 Rd8 29. Bc4 Ke6 30. Rc2 Kd6 31. Bxd5 cxd5 32. b4 Rdd7 33. b5 Rc7 34. b6 Rxc5 35. Rxc5 a5 36. Rxa5 Kc6 37. Rc5+ Kxb6 38. Rxd5 Kc6 39. Rc5+ Kd6 40. Ke2 b6 41. Rc8 Ra7 42. Kd3 Ra2 43. Rc2 Ra1 44. Kc4 Rh1 45. f3 Rf1 46. e4 fxe4 47. fxe4 Rxf4 48. e5+ Ke6 49. Rb2 h5 50. Rxb6+ Ke7 51. Kd5 1-0